AoeStats
← LABRUTTI

Arabia

509429242Analyzed
1v1 RM · 5d ago on Sep 26, 2026· 37m 56s· 2 players
Game mode
Random Map
Map size
Tiny (2 player)
Population
200
Speed
Normal
Resources
Standard
Victory
Conquest
Starting age
Dark Age
Ending age
Imperial Age
RankedLock teamsTeams togetherTeam positionsShared explorationLock speedFull tech treeHidden civsTurbo modeCheats
Victory
Defeat
🇨🇳 Wei · China
1214
+15
🇫🇷 Wei · France
1190
-15
LABRUTTI
5:58 Loom
9:29 Feudal Age
10:26 Double-Bit Axe
21:55 Castle Age
20:03 Fletching
20:21 Scale Barding Armor
20:18 Padded Archer Armor
20:14 Gold Mining
20:14 Horse Collar
21:41 Forging
22:17 Bloodlines
22:58 Bodkin Arrow
23:56 Bow Saw
24:26 Gold Shaft Mining
24:12 Heavy Plow
24:41 Chain Barding Armor
25:40 Leather Archer Armor
27:02 Iron Casting
28:52 Ballistics
32:14 Husbandry
35:35 Elite Skirmisher
VerErrvoid
6:55 Loom
9:17 Feudal Age
10:07 Double-Bit Axe
16:46 Wheelbarrow
16:35 Bloodlines
21:43 Castle Age
20:15 Gold Mining
20:15 Stone Mining
20:30 Horse Collar
21:03 Stone Mining
21:25 Fletching
21:36 Padded Archer Armor
22:50 Bow Saw
22:58 Husbandry
22:55 Bodkin Arrow
23:49 Leather Archer Armor
24:08 Heavy Plow
25:30 Town Watch
26:48 Scale Barding Armor
27:30 Ballistics
29:15 Gold Shaft Mining
29:43 Hand Cart
32:39 Stone Shaft Mining
33:11 Chain Barding Armor
34:27 Forging
35:22 Treadmill Crane
Connection lost

Rejoining the realm…

Still unreachable

The connection could not be restored.

Session expired

The server has moved on; the page needs a fresh start.